cohdb
Replays
Latest Replays
All Replays
Popular Replays
Top Player Replays
Match Explorer
How It Works
Community
CoH3 Stats
Reddit
Sign in to upload your games and track your stats! →
Sign in with Steam
Match 25149704
Unlisted
Match 25149704
Overview
Messages
Build Orders
End
Vickers Machine Gun Team
Construct Section Command Post
Selects Indian Artillery Battlegroup
Infantry Section
Vickers Machine Gun Team
Construct Platoon Command Post
6-pounder Anti-tank Gun Team
Royal Engineer Section
Selects War Cry
Selects Gurkha Rifles Section
Gurkha Rifles Section
Construct Company Command Post
Selects Towed ML 4.2-inch Heavy Mortar
Crusader II Medium Tank
Gurkha Rifles Section
Selects Pillage
Crusader II Medium Tank
Crusader II Medium Tank
Crusader II Medium Tank
Royal Engineer Section
Unlock Bishop Self-propelled Artillery
Bishop Self-propelled Artillery
FiddleSticks
Yikers
YangXYZ
Bozomir
Mettscheich
no
0
0
Comments
sign in to comment!
No comments posted yet!